 Dungeon Crawl Stone Soup version 0.28.0 (webtiles) character file.

Game seed: 2164523641087219388

11891 sasquatch the Bludgeoner (level 11, -3/99 HPs)
             Began as a Minotaur Fighter on Feb 9, 2022.
             Was an Elder of Uskayaw.
             Slain by a cyclops (20 damage)
             ... on level 11 of the Dungeon.
             The game lasted 00:15:28 (12354 turns).

sasquatch the Bludgeoner (Minotaur Fighter)        Turns: 12354, Time: 00:15:29

Health: -3/99      AC: 18    Str: 31    XL:     11   Next: 55%
Magic:  10/10      EV:  8    Int:  5    God:    Uskayaw [****..]
Gold:   149        SH:  6    Dex: 10    Spells: 10/10 levels left

rFire   . . .      SeeInvis .   L - +4 eveningstar
rCold   . . .      Faith    .   c - +0 buckler
rNeg    . . .      Spirit   .   z - +0 plate armour
rPois   .          Reflect  .   (helmet restricted)
rElec   +          Harm     .   I - +0 cloak "Ceggem" {rElec}
rCorr   .          Rampage  .   l - +0 pair of gloves
Will    .....                   d - +0 pair of boots
Stlth   ..........              u - amulet of magic regeneration
HPRegen 0.26/turn               m - +6 ring of strength
MPRegen 0.52/turn               (no ring)

@: no status effects
A: horns 2, retaliatory headbutt
a: Renounce Religion, Stomp, Line Pass


You were on level 11 of the Dungeon.
You worshipped Uskayaw.
Uskayaw was noncommittal.
You visited 1 branch of the dungeon, and saw 11 of its levels.

You collected 656 gold pieces.
You spent 507 gold pieces at shops.

Inventory:

Hand Weapons
 F - the +3 hunting sling of Symmetry {flame, rElec rN++ Str-2}
   (You took it off an orc priest on level 8 of the Dungeon)

   Any ammunition fired from it burns those it strikes, dealing additional fire
   damage.
   Str:       It affects your strength (-2).
   rElec:     It insulates you from electricity.
   rN:        It greatly protects you from negative energy.
 L - a +4 eveningstar (weapon)
Missiles
 s - a curare-tipped dart
 v - 7 javelins
 w - 50 poisoned darts (quivered)
Armour
 c - a +0 buckler (worn)
 d - a +0 pair of boots (worn)
 l - a +0 pair of gloves (worn)
 z - a +0 plate armour (worn)
 I - the +0 cloak "Ceggem" (worn) {rElec}
   (You bought it in a shop on level 9 of the Dungeon)

   rElec:     It insulates you from electricity.
Jewellery
 m - a +6 ring of strength (left hand)
 u - an amulet of magic regeneration (around neck)
 G - a ring of wizardry
 H - a ring of willpower
Wands
 o - a wand of charming (14)
 p - a wand of digging (3)
 x - a wand of iceblast (9)
 J - a wand of polymorph (8)
Scrolls
 a - a scroll of amnesia
 g - 2 scrolls of enchant weapon
 h - a scroll of immolation
 j - 5 scrolls of teleportation
 t - a scroll of identify
 y - 6 scrolls of fog
Potions
 e - a potion of mutation
 f - 3 potions of heal wounds
 i - a potion of resistance
 k - 3 potions of curing
 n - 3 potions of flight
 r - 4 potions of lignification
 A - a potion of haste
 B - 2 potions of attraction
 C - 2 potions of magic
 E - a potion of might
 K - a potion of brilliance


   Skills:
 - Level 10.0 Fighting
 - Level 16.0 Maces & Flails
 - Level 10.0 Armour
 + Level 8.8 Shields


You had 10 spell levels left.
You didn't know any spells.
Your spell library contained the following spells:

 Spells                   Type           Power      Damage    Failure   Level
 Animate Skeleton         Necr           0%         N/A       99%         1
 Beastly Appendage        Tmut           0%         N/A       99%         1
 Freeze                   Ice            0%         1d3       99%         1
 Pain                     Necr           0%         1d4       99%         1
 Slow                     Hex            0%         N/A       99%         1
 Sting                    Tmut/Pois      0%         1d3       99%         1
 Summon Small Mammal      Summ           0%         N/A       99%         1
 Wereblood                Tmut           0%         N/A       100%        2
 Call Canine Familiar     Summ           0%         N/A       100%        3
 Confusing Touch          Hex            0%         N/A       100%        3
 Frozen Ramparts          Ice            0%         1d2       100%        3
 Ozocubu's Armour         Ice            0%         N/A       100%        3
 Spider Form              Tmut/Pois      0%         N/A       100%        3
 Summon Guardian Golem    Hex/Summ       0%         N/A       100%        3
 Vampiric Draining        Necr           0%         2d6       100%        3
 Hailstorm                Conj/Ice       0%         3d3       100%        4


Dungeon Overview and Level Annotations

Branches:
Dungeon (11/15)            Temple (0/1) D:7
   Lair: D:8-11         Orc: D:9-12

Altars:
Cheibriados
Elyvilon
Makhleb
Okawaru
Uskayaw
Vehumet
The Shining One

Shops:
D:4 (   D:9 *   D:10 [*

Portals:
Abyss: D:9

Annotations:
D:4 2 transporters
D:9 2 transporters, Kazon's ghost, journeyman VSFi


Innate Abilities, Weirdness & Mutations

You have a pair of horns on your head.
You reflexively headbutt those who attack you in melee.


Message History

Unknown command.
You bludgeon something!!
Unknown command.
You closely miss something. You headbutt something!
Reactivating autopickup.
You feel a bit more experienced.
Uskayaw will force your foes to helplessly watch your dance.
Unknown command.
Found 8 gold pieces and a ring mail.
A cyclops comes into view.
Things that are here:
a +0 spear; a +0 robe; 16 gold pieces Unknown command.
A cyclops is nearby!
A cyclops comes into view.
Found two altars.
You block the cyclops's attack.
You puncture the cyclops!
The cyclops is lightly wounded.
The cyclops throws a large rock.
The large rock hits you!!
Uskayaw will force your foes to helplessly watch your dance.
Uskayaw prepares the audience for your solo!
You are too injured to fight recklessly!
Unknown command.
The helpless cyclops fails to defend itself.
You sock the cyclops!
The cyclops is heavily wounded.
The cyclops is no longer paralysed. x2; The cyclops hits you!
* * * LOW HITPOINT WARNING * * *
Unknown command.
You sock the cyclops! Your headbutt misses the cyclops.
The cyclops is severely wounded.
The cyclops throws a large rock.
The large rock hits you.
* * * LOW HITPOINT WARNING * * *
Uskayaw will force your foes to share their pain.
Uskayaw links your audience in an emotional bond!
Unknown command.
You hit the cyclops. Your headbutt misses the cyclops.
The cyclops is severely wounded.
The cyclops hits you!!
You die...

..# #..##.....##..# #..
.....##.......##..# ...
##.###..#.#.#..##.. ....
#...#..#######..#.#
_..#.[###...#.....#..#
.....#.$.#.#)......#...#
_..#C.###..)#...).#..#.#
.....#...#..#######..#.#
#.C@..#..# ..## #
#.#...#.#.... ..##
##.###.#.....# ###
#.#.### ..## # .# . # #


You could see 2 cyclopes.

Vanquished Creatures
  An ogre mage (D:11)
  A centaur warrior (D:11)
  2 two-headed ogres
  Urug (D:10)
  Nergalle (D:11)
  A cyclops (D:10)
  A hornet (D:8)
  A troll (D:10)
  Grinder (D:4)
  Prince Ribbit (D:6)
  A vampire (D:10)
  8 yaks
  A wyvern (D:11)
  2 vampire mosquitoes (D:10)
  Menkaure (D:6)
  An acid dragon (D:9)
  A water moccasin (D:5)
  Duvessa (D:4)
  3 orc warriors
  An ice beast (D:6)
  3 necrophages
  2 sky beasts
  3 ogres
  4 centaurs
  A phantom (D:5)
  4 kobold brigands
  Blork the orc (D:6)
  4 scorpions
  3 bullfrogs
  A water moccasin zombie (D:6)
  Dowan (D:4)
  9 killer bees
  3 water moccasin skeletons
  14 wights
  3 howler monkeys
  3 centaur zombies
  3 hounds
  Crazy Yiuf (D:2)
  A gnoll shaman (D:7)
  4 orc priests
  2 jellies
  A bullfrog skeleton (D:5)
  Natasha (thrice) (D:4)
  3 centaur skeletons
  8 orc wizards
  3 howler monkey zombies
  Robin (D:2)
  3 gnolls (D:7)
  5 adders
  A shadow imp (D:7)
  3 worms (D:2)
  A dart slug (D:5)
  29 orcs
  6 bats
  6 endoplasms
  A giant cockroach (D:1)
  14 goblins
  4 hobgoblins
  7 jackals (D:2)
  24 kobolds
  4 quokkas
  10 ball pythons
  7 frilled lizards
  A rat (D:2)
246 creatures vanquished.

Vanquished Creatures (others)
  8 fungi
  35 plants
  5 toadstools (D:7)
48 creatures vanquished.

Grand Total: 294 creatures vanquished

Notes
Turn   | Place    | Note
-------+----------+-------------------------------------------
     0 | D:1      | sasquatch the Minotaur Fighter began the quest for the Orb.
     0 | D:1      | Reached XP level 1. HP: 19/19 MP: 0/0
    98 | D:1      | Reached skill level 3 in Maces & Flails
   245 | D:1      | Reached XP level 2. HP: 26/26 MP: 1/1
   819 | D:1      | Reached skill level 4 in Maces & Flails
  1081 | D:2      | Reached XP level 3. HP: 27/31 MP: 2/2
  1183 | D:2      | Found a faded altar of an unknown god.
  1313 | D:2      | Reached skill level 5 in Maces & Flails
  1504 | D:2      | Reached XP level 4. HP: 32/39 MP: 3/3
  1642 | D:2      | Noticed Robin
  1688 | D:2      | Killed Robin
  1987 | D:2      | Found a runed translucent door.
  1988 | D:2      | Noticed Crazy Yiuf
  2297 | D:2      | Killed Crazy Yiuf
  2298 | D:2      | Reached skill level 6 in Maces & Flails
  2734 | D:3      | Reached XP level 5. HP: 40/45 MP: 4/4
  3312 | D:4      | Noticed Duvessa
  3312 | D:4      | Noticed Dowan
  3361 | D:4      | Noticed Grinder
  3451 | D:4      | Noticed an ogre
  3458 | D:3      | Killed an ogre
  3459 | D:3      | Reached skill level 7 in Maces & Flails
  3471 | D:3      | Reached XP level 6. HP: 26/51 MP: 5/5
  3684 | D:4      | Reached skill level 8 in Maces & Flails
  3770 | D:5      | Entered Level 5 of the Dungeon
  3873 | D:5      | Noticed a water moccasin
  3881 | D:5      | Killed a water moccasin
  3882 | D:5      | Reached skill level 9 in Maces & Flails
  3882 | D:5      | Reached XP level 7. HP: 42/57 MP: 6/6
  4146 | D:5      | Reached skill level 10 in Maces & Flails
  4356 | D:5      | Found a hide-covered altar of Uskayaw.
  4376 | D:5      | Found a snail-covered altar of Cheibriados.
  4378 | D:5      | Became a worshipper of Uskayaw the Reveller
  4380 | D:5      | Found a burning altar of Makhleb.
  4381 | D:5      | Found a glowing golden altar of the Shining One.
  4522 | D:5      | Reached * piety under Uskayaw
  4712 | D:4      | Noticed Natasha
  4712 | D:4      | Reached ** piety under Uskayaw
  4713 | D:4      | Killed Grinder
  4714 | D:4      | Reached skill level 11 in Maces & Flails
  4714 | D:4      | Reached XP level 8. HP: 64/64 MP: 7/7
  4715 | D:4      | Reached *** piety under Uskayaw
  4720 | D:4      | Killed Natasha
  4782 | D:4      | Found a transporter.
  4824 | D:4      | Got the Almanac of Snow and Poison
  4867 | D:4      | Noticed Natasha
  4883 | D:4      | Killed Natasha
  4886 | D:4      | Noticed Natasha
  4891 | D:4      | Killed Natasha
  4904 | D:4      | Killed Duvessa
  4920 | D:4      | Killed Dowan
  4921 | D:4      | Reached skill level 12 in Maces & Flails
  5244 | D:4      | Found Kuirreuz's Antique Weapon Emporium.
  5320 | D:4      | Found a transporter.
  6095 | D:6      | Reached skill level 13 in Maces & Flails
  6145 | D:6      | Noticed Prince Ribbit
  6169 | D:6      | Killed Prince Ribbit
  6489 | D:6      | Noticed Blork the orc
  6497 | D:6      | Killed Blork the orc
  6498 | D:6      | Reached skill level 14 in Maces & Flails
  6498 | D:6      | Reached XP level 9. HP: 70/70 MP: 8/8
  6507 | D:6      | Reached **** piety under Uskayaw
  6512 | D:6      | Reached ***** piety under Uskayaw
  6622 | D:6      | Noticed a two-headed ogre
  6632 | D:6      | Killed a two-headed ogre
  6633 | D:6      | Reached skill level 15 in Maces & Flails
  6725 | D:6      | Noticed Menkaure
  6731 | D:6      | Killed Menkaure
  7010 | D:7      | Reached skill level 16 in Maces & Flails
  7027 | D:7      | Reached skill level 5 in Fighting
  7196 | D:7      | Found a staircase to the Ecumenical Temple.
  7317 | D:7      | Found a radiant altar of Vehumet.
  7450 | D:7      | Reached ****** piety under Uskayaw
  7451 | D:7      | Reached XP level 10. HP: 25/84 MP: 9/9
  8411 | D:8      | Identified the +3 hunting sling of Symmetry {flame, rElec
                  | rN++ Str-2}
  9875 | D:9      | Reached skill level 10 in Fighting
 10283 | D:9      | Found a transporter.
 10283 | D:9      | Noticed a soul eater
 10283 | D:9      | Noticed a purple ugly thing
 10284 | D:9      | Noticed a rakshasa
 10290 | D:9      | Found a transporter.
 10297 | D:9      | Noticed a toenail golem
 10303 | D:9      | Found Ojoenk's Assorted Antiques.
 10308 | D:9      | Reached skill level 5 in Armour
 10371 | D:9      | Noticed Kazon's ghost (journeyman VSFi)
 10404 | D:9      | Bought a smoking cloak for 275 gold pieces
 10404 | D:9      | Identified the +0 cloak "Ceggem" {rElec} (You bought it in
                  | a shop on level 9 of the Dungeon)
 10424 | D:9      | Bought a scroll of identify for 58 gold pieces
 10424 | D:9      | Bought a scroll labelled LETWEU HESIADE for 29 gold pieces
 10424 | D:9      | Bought a potion of heal wounds for 145 gold pieces
 10571 | D:9      | Noticed a toenail golem
 10579 | D:9      | Found a one-way gate to the infinite horrors of the Abyss.
 10703 | D:10     | Entered Level 10 of the Dungeon
 10778 | D:10     | Noticed a cyclops
 10792 | D:10     | Killed a cyclops
 10908 | D:10     | Found Poopn's Armour Boutique.
 11499 | D:10     | Found Famokh's General Store.
 11661 | D:10     | Found an iron altar of Okawaru.
 11684 | D:10     | Noticed Urug
 11695 | D:10     | Killed Urug
 11696 | D:10     | Reached XP level 11. HP: 78/99 MP: 10/10
 11707 | D:10     | Reached skill level 10 in Armour
 12210 | D:11     | Noticed Nergalle
 12218 | D:11     | Killed Nergalle
 12219 | D:11     | Reached skill level 5 in Shields
 12282 | D:11     | Noticed a two-headed ogre
 12289 | D:11     | Killed a two-headed ogre
 12312 | D:11     | Noticed a centaur warrior
 12318 | D:11     | Killed a centaur warrior
 12335 | D:11     | Noticed an ogre mage
 12337 | D:11     | Paralysed by an ogre mage for 5 turns
 12345 | D:11     | Killed an ogre mage
 12350 | D:11     | Found a white marble altar of Elyvilon.
 12350 | D:11     | Found a snail-covered altar of Cheibriados.
 12354 | D:11     | Slain by a cyclops

Illustrated notes

Levels and vault maps discovered:
D:1:      minmay_arrival_four_houses, layout_basic
D:2:      layout_basic, shapermc_ecumenical_altar_mp_ritualfount,
          uniq_crazy_yiuf_cottage, uniq_robin
D:3:      kb_forest_paths, layout_basic
D:4:      gammafunk_cloud_chamber, layout_basic, serial_shops,
          nicolae_square_shop, uniq_duvessa, uniq_grinder, uniq_natasha
D:5:      layout_loops_cross, minitemple
D:6:      layout_cave_pools, kennysheep_boxes, uniq_blork_the_orc,
          uniq_menkaure, uniq_prince_ribbit1
D:7:      layout_cave_pools, mainiacjoe_overflow_tiny_flanked,
          minmay_temple_entry_drinking_statues, minmay_gold_behind_fungi,
          grunt_decor_cap, grunt_decor_one_mirror
D:8:      layout_rooms
D:9:      layout_cave_pools, gammafunk_ghost_abyssal_escape, serial_shops,
          kennysheep_little_box
D:10:     layout_roguey, mainiacjoe_overflow_alcove_1, serial_shops,
          nicolae_shop_advertising_works [nicolae_subvault_shop_adworks],
          nicolae_shop_waterfront, uniq_urug
D:11:     minmay_the_grid_octo_tiled_octocenter_mashed
          [minmay_the_grid_octo_chip, minmay_the_grid_octo_focus,
          minmay_the_grid_octo_concentric, minmay_the_grid_octo_shrine,
          minmay_the_grid_octo_prize_ultimate_mussel_roller,
          minmay_the_grid_square_5x5_spiral_small,
          minmay_the_grid_square_5x5_bite,
          minmay_the_grid_square_5x5_fancy_junction,
          minmay_the_grid_square_5x5_eight_small], layout_long_grid,
          nicolae_trove_entry_path_of_doom, uniq_nergalle

Skill      XL: |  1  2  3  4  5  6  7  8  9 10 11 |
---------------+----------------------------------+-----
Maces & Flails | 3 4 5 6 7 9 11 14 16 | 16.0
Fighting       | 6 10 | 10.0
Armour         | 9 10 | 10.0
Shields        | 8 |  8.8

Action                   |  1- 3 |  4- 6 |  7- 9 | 10-12 || total
-------------------------+-------+-------+-------+-------++-------
Melee: Flail             |   102 |   107 |    36 |       ||   245
       Headbutt          |    14 |    18 |    30 |    49 ||   111
       Morningstar       |       |       |   212 |   249 ||   461
       Eveningstar       |       |       |       |    36 ||    36
Throw: Dart              |       |       |     2 |       ||     2
       Javelin           |       |       |     2 |       ||     2
Invok: Line Pass         |       |       |     1 |       ||     1
  Use: Scroll            |       |     4 |     1 |     9 ||    14
       Potion            |       |       |     9 |     2 ||    11
 Stab: Paralysed         |       |       |     6 |    10 ||    16
       Confused          |       |       |     1 |       ||     1
Armor: Scale mail        |    39 |    40 |    88 |    78 ||   245
       Skin              |       |       |     3 |       ||     3
       Plate armour      |       |       |       |    17 ||    17
Dodge: Dodged            |    52 |    58 |    77 |    76 ||   263
Block: Buckler           |    26 |    19 |    39 |    44 ||   128
